AoeStats
← GORGORY

Arena

507501304Analyzed
1v1 RM · 14d ago on Sep 18, 2026· 40m 27s· 2 players
Game mode
Random Map
Map size
Tiny (2 player)
Population
200
Speed
Normal
Resources
Standard
Victory
Conquest
Starting age
Dark Age
Ending age
Imperial Age
RankedLock teamsTeams togetherTeam positionsShared explorationLock speedFull tech treeHidden civsTurbo modeCheats
Victory
Defeat
🇮🇳 Mongols · India
1041
+17
🇦🇷 Ethiopians · Argentina
1063
-17
sikander747
10:04 Feudal Age
11:14 Double-Bit Axe
14:34 Castle Age
13:05 Horse Collar
21:45 Bow Saw
24:09 Wheelbarrow
23:49 Heavy Plow
26:06 Hand Cart
26:29 Bloodlines
26:15 Fletching
31:09 Imperial Age
29:09 Ballistics
30:24 Bodkin Arrow
30:30 Padded Archer Armor
31:14 Gold Mining
31:17 Stone Mining
31:30 Murder Holes
32:50 Thumb Ring
34:14 Chemistry
33:18 Bracer
33:33 Leather Archer Armor
35:42 Elite Mangudai
36:57 Conscription
37:46 Husbandry
37:07 Light Cavalry
38:22 Forging
38:17 Scale Barding Armor
39:21 Gold Shaft Mining
39:22 Stone Shaft Mining
38:20 Hussar
39:07 Loom
GORGORY
5:41 Loom
8:53 Feudal Age
9:19 Double-Bit Axe
9:14 Horse Collar
13:20 Wheelbarrow
17:16 Castle Age
15:59 Gold Mining
16:20 Stone Mining
19:07 Fervor
19:09 Town Watch
20:25 Heavy Plow
22:09 Sanctity
22:38 Fletching
25:39 Bow Saw
25:04 Elite Skirmisher
27:25 Thumb Ring
27:55 Ballistics
28:28 Padded Archer Armor
28:54 Squires
29:08 Scale Mail Armor
29:39 Arson
30:27 Forging
30:44 Murder Holes
31:37 Hand Cart
32:51 Royal Heirs
33:30 Iron Casting
33:10 Chain Mail Armor
38:44 Imperial Age
37:07 Bodkin Arrow
37:27 Leather Archer Armor
38:26 Leather Archer Armor
38:27 Chain Mail Armor
40:09 Bracer
40:39 Ring Archer Armor
41:12 Chemistry
40:45 Conscription
40:14 Capped Ram
40:17 Elite Shotel Warrior
Connection lost

Rejoining the realm…

Still unreachable

The connection could not be restored.

Session expired

The server has moved on; the page needs a fresh start.